Map: Catalyst LE

Players

Optimus

  • Race: Terran Terran
  • Spawn Location: 11:00

TRUE - Winner!

  • Race: Zerg Zerg
  • Spawn Location: 5:00

Event: IEM Season 12 - Katowice

VOD

Have the link to the VOD?

Description

Time

  • Played on: Feb. 26, 2018, 9:41 a.m.
  • Length: 5:37

All games in this series

Show
View Real Time Build Order
Export as new Build Order

Optimus Terran 

Build Orders: Gas First Reaper Expand, Liberator Opening, Reaper Expand 

Get SALT Encoding   

  12  0:00  SCV  
  13  0:12  SCV  
  14  0:17  Supply Depot  
  14  0:24  SCV  
  15  0:29  Refinery  
  15  0:38  SCV  
  16  0:44  Barracks  
  16  0:50  SCV  
  17  1:02  SCV  
  18  1:15  SCV  
  19  1:31  Reaper, Orbital Command  
  20  1:43  Command Center  
  20  1:53  Factory  
  20  1:57  SCV  
  21  2:04  Refinery  
  21  2:06  Barracks Reactor  
  21  2:09  SCV  
  21  2:15  Supply Depot  
  22  2:21  SCV  
  23  2:36  SCV  
  24  2:39  Starport  
  24  2:47  Hellion x2  
  24  2:49  Barracks Tech Lab  
  24  2:50  SCV  
  29  2:59  Orbital Command  
  29  3:03  SCV  
  30  3:12  Hellion  
  32  3:13  Hellion  
  32  3:17  SCV  
  35  3:24  Medivac  
  35  3:27  SCV  
  38  3:29  SCV  
  39  3:39  Supply Depot, SCV  
  39  3:41  SCV  
  41  3:43  Liberator  
  41  3:44  Hellion x2  
  45  3:54  SCV  
  46  4:00  SCV  
  50  4:03  Supply Depot  
  50  4:06  Hellion x2  
  54  4:11  Supply Depot  
  54  4:24  SCV x2, Armory  
  54  4:26  Marine, Liberator  
  57  4:32  Command Center  
  57  4:36  SCV x2  
  62  4:48  SCV x2  
  62  4:50  Marine  
  63  5:01  Hellion, SCV  
  63  5:05  SCV, Hellion  
  67  5:08  Marine  
  67  5:13  SCV  
  58  5:17  SCV  
  47  5:25  SCV  
Show
View Real Time Build Order
Export as new Build Order

TRUE Zerg - Winner!

Build Orders: Hatch First, Zergling Baneling 

Get SALT Encoding   

  12  0:00  Drone  
  13  0:12  Overlord  
  13  0:16  Drone  
  14  0:30  Drone x2  
  14  0:33  Drone  
  17  0:52  Hatchery  
  17  0:55  Drone  
  17  1:08  Spawning Pool  
  17  1:10  Extractor  
  15  1:13  Drone  
  15  1:18  Drone  
  17  1:20  Drone  
  18  1:27  Drone  
  19  1:37  Overlord  
  19  1:55  Queen  
  19  1:56  Zergling x2  
  19  2:00  Zergling x2  
  23  2:03  Queen  
  23  2:04  Zergling x2  
  26  2:10  Metabolic Boost  
  26  2:12  Drone  
  26  2:15  Drone  
  28  2:21  Drone  
  29  2:25  Evolution Chamber  
  29  2:27  Drone  
  29  2:32  Drone  
  30  2:39  Queen  
  30  2:42  Drone  
  33  2:51  Zerg Melee Weapons Level 1  
  33  2:53  Overlord  
  33  2:56  Drone  
  34  3:00  Drone  
  34  3:03  Drone  
  36  3:13  Drone x2  
  36  3:14  Drone x3  
  36  3:15  Drone  
  36  3:19  Drone  
  43  3:20  Drone  
  43  3:25  Overlord  
  44  3:43  Hatchery, Zergling x2  
  44  3:44  Baneling Nest, Zergling x2  
  44  3:47  Zergling x2  
  45  3:49  Zergling x2  
  45  3:51  Zergling x2  
  45  3:52  Zergling x2  
  45  3:55  Zergling x4  
  50  3:59  Zergling x4  
  52  4:06  Overlord  
  52  4:21  Zergling x2  
  52  4:22  Overlord  
  52  4:25  Zergling x2  
  52  4:26  Zergling x4  
  52  4:27  Zergling x4  
  52  4:28  Zergling x6  
  60  4:36  Overlord  
  60  4:40  Zergling x4  
  62  4:48  Baneling x6  
  62  4:49  Baneling x2, Zergling x4  
  62  4:50  Zergling x2  
  62  4:51  Baneling x2, Zergling x2  
  62  4:52  Zergling x4  
  68  4:55  Zergling x4  
  67  5:01  Zergling x2  
  67  5:02  Zergling x2  
  66  5:07  Drone  
  63  5:18  Drone x3  
  63  5:20  Drone  
  63  5:21  Drone x2  
  62  5:22  Drone  

Tags
 
Add a new tag
Caveats
  • Supply blocks, unpowered buildings, or Contaminate may cause inaccurate times.
  • Supply counts are checked every 10 seconds.